 Dungeon Crawl Stone Soup version 0.28.0-45-g0d030f2227 (webtiles) character file.

Game seed: 15710382549054304710

56 MisterFreud the Changer (level 3, -4/25 HPs)
             Began as a Draconian Transmuter on Apr 11, 2022.
             Was a Believer of Ru.
             Succumbed to a water moccasin's poison
             ... on level 3 of the Dungeon.
             The game lasted 00:03:26 (2040 turns).

MisterFreud the Changer (Draconian Transmuter)      Turns: 2040, Time: 00:03:27

Health: -4/25      AC:  2    Str: 12    XL:     3   Next: 69%
Magic:  4/6        EV: 19    Int: 13    God:    Ru [**....]
Gold:   162        SH:  0    Dex: 18    Spells: 0/6 levels left

rFire   . . .      SeeInvis .     - Unarmed
rCold   . . .      Faith    .   (shield currently unavailable)
rNeg    . . .      Spirit   .   (armour unavailable)
rPois   x          Reflect  .   (helmet currently unavailable)
rElec   .          Harm     .   (cloak currently unavailable)
rCorr   .          Rampage  .   (gloves currently unavailable)
Will    +....                   (boots currently unavailable)
Stlth   ++........              (no amulet)
HPRegen 0.08/turn               g - ring of willpower
MPRegen 0.10/turn               (no ring)

@: lethally poisoned (-4 -> -43), spider-form (expiring)
A: venomous fangs, AC +5, tiny, unfitting armour, frail 1, (cold-blooded)
a: End Transformation, Renounce Religion


You were on level 3 of the Dungeon.
You worshipped Ru.
Ru was pleased with you.
You were a venomous arachnid creature.
You visited 1 branch of the dungeon, and saw 3 of its levels.

You collected 162 gold pieces.

Inventory:

Hand Weapons
 i - a +2 hunting sling of flaming
Jewellery
 g - a ring of willpower (left front leg)
Scrolls
 a - a scroll of identify {unknown}
 c - a scroll of fear {unknown}
 e - a scroll of magic mapping {unknown}
 f - a scroll of blinking {unknown}
Potions
 b - 2 potions of brilliance {unknown}
 d - a potion of lignification {unknown}
 h - a potion of haste {unknown}


   Skills:
 - Level 1.1 Fighting
 - Level 1.7 Dodging
 - Level 3.0 Unarmed Combat
 - Level 2.0 Spellcasting
 + Level 3.8 Transmutations
 + Level 1.1 Poison Magic


You couldn't memorise any spells.
You knew the following spells:

 Your Spells              Type           Power      Damage    Failure   Level
a - Beastly Appendage     Tmut           22%        N/A       16%         1
b - Wereblood             Tmut           11%        N/A       21%         2
c - Spider Form           Tmut/Pois      7%         N/A       47%         3

Your spell library contained the following spells:

 Spells                   Type           Power      Damage    Failure   Level
 Ice Form                 Ice/Tmut       6%         N/A       89%         4


Dungeon Overview and Level Annotations

Branches:
Dungeon (3/15)

Altars:
Ru
Sif Muna

Shops:
D:2 [

Annotations:
D:3 2 transporters, zielscheibe's ghost, amateur OpTm


Innate Abilities, Weirdness & Mutations

You are a venomous arachnid creature.
You have poisonous fangs.
You are tiny and dextrous.
Your spellcasting is less reliable in this form.
Your armour is entirely melded.
You are incapable of wielding weapons or throwing items.
((Your plain brown scales are hard. (AC +5)))
You cannot fit into any form of body armour.
You are frail. (-10% HP)
((You are cold-blooded and may be slowed by cold attacks.))


Message History

The water moccasin is moderately wounded.
The water moccasin misses you.
You hit the water moccasin but do no damage.
The water moccasin is moderately wounded.
The water moccasin bites you.
The water moccasin bites you but does no damage.
You closely miss the water moccasin.
The water moccasin is moderately wounded.
The water moccasin closely misses you.
You barely miss the water moccasin.
The water moccasin is moderately wounded.
The water moccasin bites you. The water moccasin closely misses you.
You barely miss the water moccasin.
The water moccasin is moderately wounded.
The water moccasin bites you.
You focus your inner power and illuminate the water moccasin in retribution!
You hit the water moccasin.
The water moccasin is heavily wounded.
Your transformation is almost over.
The water moccasin closely misses you.
You hit the water moccasin.
The water moccasin is severely wounded.
The water moccasin misses you.
The water moccasin is stunned by your conviction and fails to attack.
You hit the water moccasin but do no damage.
The water moccasin is severely wounded.
The water moccasin closely misses you.
You hit the water moccasin.
The water moccasin is severely wounded.
The water moccasin bites you.
The water moccasin bites you but does no damage.
You hit the water moccasin.
The water moccasin is almost dead.
The water moccasin bites you!
* * * LOW HITPOINT WARNING * * *
You are lethally poisoned!
The water moccasin poisons you!
You hit the water moccasin.
The water moccasin is almost dead.
You die...

##.#.####.#
######### #.##
#.# ########.#
#.#
.........#####.#
##...#..##....#
......†.....####
.####^####..#
... #..# #...
#.s# #...
#..S...<.( .^..
#..####### .#..
#..# #..# #...
#... ....


You could see a water moccasin (corona).

Vanquished Creatures
  3 worms (D:2)
  6 bats
  5 endoplasms
  3 giant cockroaches
  2 goblins (D:1)
  5 hobgoblins
  A kobold (D:1)
  7 quokkas
  2 ball pythons (D:1)
  2 frilled lizards
  5 rats
41 creatures vanquished.

Notes
Turn   | Place    | Note
-------+----------+-------------------------------------------
     0 | D:1      | MisterFreud the Draconian Transmuter began the quest for
                  | the Orb.
     0 | D:1      | Reached XP level 1. HP: 16/16 MP: 3/3
   154 | D:1      | Found a faded altar of an unknown god.
   176 | D:1      | Prayed at the altar of an unknown god.
   176 | D:1      | Became a worshipper of Ru the Awakened
   193 | D:1      | Gained mutation: You are frail. (-10% HP) [Ru sacrifice]
   193 | D:1      | Reached * piety under Ru
   193 | D:1      | Reached ** piety under Ru
   205 | D:1      | Reached XP level 2. HP: 18/20 MP: 3/5
   392 | D:1      | Learned a level 2 spell: Wereblood
   990 | D:2      | Reached XP level 3. HP: 24/25 MP: 4/6
   994 | D:2      | Learned a level 3 spell: Spider Form
  1555 | D:2      | Found Magor's Armour Shoppe.
  1826 | D:3      | Found a transporter.
  1826 | D:3      | Noticed zielscheibe's ghost (amateur OpTm)
  1841 | D:3      | Found a transporter.
  1909 | D:3      | Found a shimmering blue altar of Sif Muna.
  1918 | D:3      | Reached skill level 1 in Poison Magic
  2022 | D:3      | Noticed a water moccasin
  2040 | D:3      | Succumbed to a water moccasin's poison

Illustrated notes

Levels and vault maps discovered:
D:1:      lemuel_arrival_muddy, layout_basic,
          ebering_ecumenical_altar_petrified, serial_glass, glass_columns_c,
          glass_columns_a, glass_columns_c, chequers_serial_rivers_micro_c,
          chequers_serial_rivers_micro_b
D:2:      layout_loops_cross, serial_shops, nicolae_shop_stone
D:3:      layout_loops_ring, mainiacjoe_overflow_brackets, lemuel_tele_altar,
          gammafunk_ghost_arena, st_stairs_5

Skill      XL: |  1  2  3 |
---------------+----------+-----
Transmutations | 3 |  3.8
Poison Magic   | 1 |  1.1
Fighting       | |  1.1
Dodging        | |  1.7
Unarmed Combat | |  3.0
Spellcasting   | |  2.0

Action                   || total
-------------------------++-------
Melee: Unarmed           ||   133
       Kick              ||    27
       Headbutt          ||    14
       Tailslap          ||    12
       Punch             ||     3
 Cast: Beastly Appendage ||    33
       Spider Form       ||     1
Invok: Sacrifice Health  ||     1
 Stab: Distracted        ||     1
Armor: Skin              ||    37
Dodge: Dodged            ||    90
